[ PARTIDA AOE2 · #474607254 ]
UnrankedPortugueses vs Aztecs
[ ANÁLISIS DE REPETICIÓN · EXTRAÍDO DE LA PARTIDA GRABADA ]
Feudal
13:28
Castillos
25:48
Imperial
37:59
| APM promedio | 12.0 |
| APM pico | 35 |
| eAPM promedio | 9.1 |
| Aldeanos / militares | 86 / 82 |
Foco
⚔️ 25.8% · 🌾 74.2%
Spearman ×54 · Unknown (882) ×42 · Fishing Ship ×18 · Organ Gun ×14 · Trade Cart ×9 · Militia ×5
Feudal
12:27
Castillos
20:55
Imperial
38:07
| APM promedio | 25.9 |
| APM pico | 69 |
| eAPM promedio | 7.3 |
| Aldeanos / militares | 61 / 47 |
Foco
⚔️ 32.3% · 🌾 67.7%
Rattan Archer ×29 · Archer ×12 · Trade Cart ×8 · Monk ×6 · Fishing Ship ×6
Feudal
15:25
Castillos
27:19
Imperial
43:26
| APM promedio | 11.3 |
| APM pico | 63 |
| eAPM promedio | 7.3 |
| Aldeanos / militares | 58 / 37 |
Foco
⚔️ 22.0% · 🌾 78.0%
Archer ×23 · Spearman ×13 · Trade Cart ×3 · Battering Ram ×1
Feudal
15:35
Castillos
26:38
Imperial
39:48
| APM promedio | 14.8 |
| APM pico | 38 |
| eAPM promedio | 6.3 |
| Aldeanos / militares | 55 / 45 |
Foco
⚔️ 33.0% · 🌾 67.0%
Genoese Crossbowman ×37 · Unknown (882) ×25 · Archer ×8 · Trade Cart ×3
Feudal
—
Castillos
—
Imperial
—
| APM promedio | 335.2 |
| APM pico | 5497 |
| eAPM promedio | 335.2 |
| Aldeanos / militares | 0 / 0 |
Foco
⚔️ 81.9% · 🌾 18.1%
Feudal
—
Castillos
—
Imperial
—
| APM promedio | 193.6 |
| APM pico | 1602 |
| eAPM promedio | 193.5 |
| Aldeanos / militares | 0 / 0 |
Foco
⚔️ 65.0% · 🌾 35.0%
Feudal
—
Castillos
—
Imperial
—
| APM promedio | 192.0 |
| APM pico | 722 |
| eAPM promedio | 192.0 |
| Aldeanos / militares | 0 / 0 |
Foco
⚔️ 57.8% · 🌾 42.2%
Feudal
—
Castillos
—
Imperial
—
| APM promedio | 229.0 |
| APM pico | 1638 |
| eAPM promedio | 228.9 |
| Aldeanos / militares | 0 / 0 |
Foco
⚔️ 73.3% · 🌾 26.7%
Mapa de la partida
Recursos iniciales + cada clic de construcción. Líneas = muros · curvas = relieve. ◆ oro · ⬟ piedra · ● bayas · ✦ reliquia · ◌ hueco del cierre
Tu base· ✓ Separados por el mapa
Base de Kuruntu· ✓ Separados por el mapa
Base de umgulseren· ✓ Separados por el mapa
Base de Sambubu· ✓ Separados por el mapa
Base de · ✓ Separados por el mapa
Base de · ✓ Separados por el mapa
Base de · ✓ Separados por el mapa
Base de · ✓ Separados por el mapa
Terreno inicial suavizado · ◌ = hueco del cierre detectado · pasá el cursor para detalles
Inputs por minuto
— SOW44 - - Kuruntu
Build order — SOW44
Primeras 150 de 264 acciones detectadas
| 0:11 | Construir | House |
| 0:15 | Construir | House |
| 0:21 | Crear | Villager (Male) ×4 |
| 0:30 | Construir | House |
| 1:57 | Crear | Villager (Male) |
| 2:37 | Crear | Villager (Male) |
| 3:06 | Crear | Villager (Male) |
| 3:35 | Crear | Villager (Male) |
| 3:37 | Crear | Villager (Male) |
| 4:08 | Crear | Villager (Male) |
| 4:28 | Crear | Villager (Male) |
| 4:44 | Construir | Lumber Camp |
| 5:37 | Crear | Villager (Male) ×2 |
| 7:13 | Construir | Mining Camp |
| 7:24 | Crear | Villager (Male) ×3 |
| 7:37 | Construir | House |
| 7:51 | Crear | Villager (Male) |
| 7:52 | Crear | Villager (Male) |
| 7:54 | Crear | Villager (Male) |
| 8:41 | Construir | Mill |
| 9:57 | Construir | Dock |
| 10:41 | Crear | Fishing Ship |
| 10:42 | Crear | Fishing Ship |
| 11:18 | Investigar | Feudal Age |
| 11:28 | Crear | Fishing Ship |
| 12:09 | Construir | House |
| 12:13 | Construir | House |
| 12:27 | Crear | Fishing Ship |
| 12:39 | Crear | Villager (Male) |
| 12:39 | Crear | Villager (Male) |
| 12:40 | Crear | Villager (Male) |
| 12:40 | Crear | Villager (Male) |
| 12:40 | Crear | Villager (Male) |
| 13:20 | Construir | House |
| 13:22 | Construir | House |
| 13:28 | Edad | Edad Feudal |
| 13:35 | Investigar | Town Watch |
| 13:41 | Investigar | Horse Collar |
| 14:06 | Construir | Farm |
| 14:20 | Investigar | Wheelbarrow |
| 15:19 | Construir | Lumber Camp |
| 15:47 | Investigar | Double-Bit Axe |
| 15:50 | Crear | Villager (Male) |
| 15:51 | Crear | Villager (Male) |
| 16:09 | Construir | Farm |
| 16:19 | Construir | Farm |
| 16:30 | Crear | Villager (Male) |
| 16:30 | Crear | Villager (Male) |
| 17:26 | Construir | Farm |
| 17:33 | Investigar | Gold Mining |
| 17:34 | Investigar | Stone Mining |
| 17:54 | Construir | Farm |
| 17:58 | Crear | Villager (Male) |
| 18:18 | Construir | Market |
| 18:24 | Crear | Villager (Male) |
| 18:25 | Crear | Villager (Male) |
| 18:41 | Construir | Farm |
| 18:48 | Crear | Villager (Male) |
| 19:09 | Construir | Blacksmith |
| 19:12 | Crear | Villager (Male) |
| 19:26 | Crear | Fishing Ship |
| 19:26 | Crear | Fishing Ship |
| 19:29 | Crear | Fishing Ship |
| 19:35 | Construir | House |
| 19:38 | Construir | House |
| 19:41 | Construir | House |
| 19:59 | Construir | Farm |
| 20:31 | Crear | Trade Cart |
| 20:32 | Crear | Trade Cart |
| 20:33 | Crear | Trade Cart |
| 20:46 | Construir | Dock |
| 20:52 | Construir | Farm |
| 21:14 | Crear | Villager (Male) |
| 21:14 | Crear | Villager (Male) |
| 21:40 | Construir | Watch Tower |
| 21:48 | Crear | Fishing Ship |
| 21:48 | Crear | Fishing Ship |
| 21:50 | Crear | Fishing Ship |
| 21:55 | Construir | Farm |
| 22:09 | Construir | Farm |
| 22:15 | Construir | Farm |
| 22:28 | Construir | House |
| 22:30 | Construir | House |
| 23:08 | Investigar | Castle Age |
| 23:10 | Crear | Villager (Male) |
| 23:10 | Crear | Villager (Male) |
| 23:14 | Investigar | Scale Mail Armor |
| 23:23 | Crear | Fishing Ship |
| 23:26 | Crear | Fishing Ship |
| 23:29 | Crear | Fishing Ship |
| 23:46 | Construir | Barracks |
| 23:48 | Construir | Barracks |
| 23:53 | Investigar | Forging |
| 24:14 | Construir | Watch Tower |
| 24:38 | Crear | Trade Cart |
| 24:38 | Crear | Trade Cart |
| 24:41 | Crear | Fishing Ship |
| 24:51 | Investigar | Arson |
| 25:09 | Crear | Spearman |
| 25:09 | Crear | Spearman |
| 25:10 | Crear | Spearman |
| 25:11 | Crear | Spearman |
| 25:11 | Crear | Spearman |
| 25:24 | Crear | Villager (Male) |
| 25:27 | Investigar | Padded Archer Armor |
| 25:30 | Investigar | Fletching |
| 25:48 | Edad | Edad de los Castillos |
| 25:57 | Construir | Town Center |
| 26:05 | Construir | House |
| 26:08 | Crear | Villager (Male) |
| 26:09 | Crear | Villager (Male) |
| 26:09 | Crear | Villager (Male) |
| 26:13 | Investigar | Chain Mail Armor |
| 26:13 | Investigar | Iron Casting |
| 26:27 | Construir | Town Center |
| 26:32 | Investigar | Bow Saw |
| 26:49 | Construir | Farm |
| 26:59 | Investigar | Town Patrol |
| 27:05 | Construir | House |
| 27:07 | Construir | House |
| 27:09 | Construir | House |
| 27:10 | Construir | House |
| 27:21 | Investigar | Tech 906 |
| 27:36 | Crear | Fishing Ship |
| 27:36 | Crear | Fishing Ship |
| 27:41 | Construir | Farm |
| 27:46 | Construir | Farm |
| 27:51 | Investigar | Caravan |
| 28:03 | Investigar | Pikeman (upgrade) |
| 28:08 | Crear | Spearman |
| 28:09 | Crear | Spearman |
| 28:16 | Construir | Farm |
| 28:21 | Crear | Villager (Male) |
| 28:21 | Crear | Villager (Male) |
| 28:26 | Construir | Farm |
| 28:29 | Crear | Villager (Male) |
| 28:29 | Crear | Villager (Male) |
| 28:46 | Crear | Villager (Male) |
| 28:46 | Crear | Villager (Male) |
| 28:46 | Crear | Villager (Male) |
| 28:46 | Crear | Villager (Male) |
| 29:17 | Crear | Spearman |
| 29:18 | Crear | Spearman |
| 29:18 | Crear | Spearman |
| 29:19 | Crear | Spearman |
| 29:19 | Crear | Spearman |
| 29:27 | Construir | House |
| 29:28 | Construir | House |
| 29:29 | Construir | House |
| 29:31 | Construir | House |
Build order — Kuruntu
Primeras 150 de 213 acciones detectadas
| 0:08 | Construir | House |
| 0:10 | Construir | House |
| 0:20 | Investigar | Loom |
| 0:21 | Crear | Villager (Male) |
| 0:22 | Crear | Villager (Male) |
| 0:27 | Crear | Villager (Male) |
| 1:30 | Investigar | Loom |
| 1:35 | Crear | Villager (Male) |
| 2:34 | Construir | Lumber Camp |
| 2:38 | Investigar | Loom |
| 2:41 | Crear | Villager (Male) |
| 2:42 | Crear | Villager (Male) |
| 3:39 | Crear | Villager (Male) |
| 3:42 | Crear | Villager (Male) |
| 3:45 | Crear | Villager (Male) |
| 4:27 | Crear | Villager (Male) |
| 5:48 | Investigar | Loom |
| 6:22 | Construir | Mill |
| 6:26 | Crear | Villager (Male) |
| 6:28 | Crear | Villager (Male) |
| 6:38 | Construir | House |
| 7:19 | Crear | Villager (Male) |
| 7:21 | Crear | Villager (Male) |
| 7:48 | Crear | Villager (Male) |
| 8:06 | Crear | Villager (Male) |
| 8:07 | Crear | Villager (Male) |
| 8:29 | Crear | Villager (Male) |
| 9:38 | Construir | House |
| 10:16 | Investigar | Feudal Age |
| 10:31 | Crear | Villager (Male) |
| 10:34 | Crear | Villager (Male) |
| 11:32 | Construir | Barracks |
| 12:27 | Edad | Edad Feudal |
| 12:36 | Construir | Mining Camp |
| 12:42 | Crear | Villager (Male) |
| 13:08 | Construir | Blacksmith |
| 13:17 | Crear | Villager (Male) |
| 13:20 | Crear | Villager (Male) |
| 13:36 | Construir | Farm |
| 13:42 | Construir | Farm |
| 13:55 | Construir | House |
| 14:03 | Construir | Farm |
| 14:05 | Construir | Farm |
| 14:08 | Construir | Farm |
| 14:11 | Construir | Farm |
| 14:18 | Construir | Farm |
| 14:24 | Crear | Villager (Male) |
| 14:39 | Crear | Villager (Male) |
| 14:41 | Crear | Villager (Male) |
| 14:47 | Construir | House |
| 15:09 | Investigar | Double-Bit Axe |
| 15:18 | Crear | Villager (Male) |
| 15:25 | Construir | House |
| 15:31 | Crear | Villager (Male) |
| 15:45 | Construir | Market |
| 15:51 | Crear | Villager (Male) |
| 16:41 | Construir | Lumber Camp |
| 17:09 | Crear | Villager (Male) |
| 17:10 | Crear | Villager (Male) |
| 17:24 | Investigar | Horse Collar |
| 17:55 | Construir | Archery Range |
| 18:15 | Investigar | Castle Age |
| 18:52 | Investigar | Fletching |
| 19:17 | Investigar | Horse Collar |
| 19:46 | Construir | Dock |
| 20:42 | Crear | Archer |
| 20:42 | Crear | Archer |
| 20:43 | Crear | Archer |
| 20:44 | Crear | Archer |
| 20:45 | Crear | Archer |
| 20:50 | Crear | Fishing Ship |
| 20:51 | Crear | Fishing Ship |
| 20:51 | Crear | Fishing Ship |
| 20:55 | Edad | Edad de los Castillos |
| 20:59 | Construir | Archery Range |
| 21:18 | Construir | Farm |
| 21:21 | Construir | Farm |
| 21:24 | Construir | Farm |
| 21:27 | Investigar | Bow Saw |
| 21:37 | Construir | House |
| 21:40 | Construir | House |
| 21:42 | Construir | House |
| 21:47 | Construir | House |
| 22:19 | Construir | Town Center |
| 22:34 | Investigar | Heavy Plow |
| 22:52 | Crear | Villager (Male) |
| 22:53 | Crear | Villager (Male) |
| 22:53 | Crear | Villager (Male) |
| 22:53 | Crear | Villager (Male) |
| 23:55 | Construir | Town Center |
| 24:03 | Crear | Villager (Male) |
| 24:04 | Crear | Villager (Male) |
| 24:05 | Crear | Villager (Male) |
| 24:14 | Investigar | Crossbowman (upgrade) |
| 24:17 | Investigar | Thumb Ring |
| 24:28 | Construir | House |
| 24:31 | Construir | House |
| 24:32 | Construir | House |
| 24:34 | Construir | House |
| 24:37 | Construir | House |
| 25:09 | Crear | Villager (Male) |
| 25:09 | Crear | Villager (Male) |
| 25:10 | Crear | Villager (Male) |
| 25:10 | Crear | Villager (Male) |
| 25:11 | Investigar | Wheelbarrow |
| 25:14 | Crear | Villager (Male) |
| 25:15 | Crear | Villager (Male) |
| 25:27 | Crear | Villager (Male) |
| 25:28 | Crear | Villager (Male) |
| 25:29 | Crear | Villager (Male) |
| 25:55 | Investigar | Padded Archer Armor |
| 26:32 | Investigar | Bodkin Arrow |
| 26:52 | Crear | Trade Cart |
| 26:53 | Crear | Trade Cart |
| 26:53 | Crear | Trade Cart |
| 26:54 | Crear | Trade Cart |
| 26:54 | Crear | Trade Cart |
| 26:55 | Crear | Trade Cart |
| 26:55 | Crear | Trade Cart |
| 26:56 | Crear | Trade Cart |
| 27:09 | Crear | Villager (Male) |
| 27:10 | Crear | Villager (Male) |
| 27:11 | Crear | Villager (Male) |
| 27:26 | Crear | Archer |
| 27:26 | Crear | Archer |
| 27:27 | Crear | Archer |
| 27:27 | Crear | Archer |
| 27:28 | Crear | Archer |
| 27:29 | Crear | Archer |
| 27:29 | Crear | Archer |
| 28:12 | Construir | Gate |
| 29:07 | Investigar | Leather Archer Armor |
| 29:24 | Construir | Monastery |
| 29:30 | Construir | University |
| 30:09 | Construir | House |
| 30:11 | Construir | House |
| 30:13 | Construir | House |
| 30:22 | Crear | Villager (Male) |
| 30:23 | Crear | Villager (Male) |
| 30:23 | Crear | Villager (Male) |
| 30:26 | Crear | Villager (Male) |
| 30:26 | Crear | Villager (Male) |
| 30:37 | Crear | Fishing Ship |
| 30:37 | Crear | Fishing Ship |
| 30:38 | Crear | Fishing Ship |
| 31:34 | Construir | Mining Camp |
| 31:38 | Crear | Monk |
| 32:09 | Crear | Villager (Male) |
| 32:10 | Crear | Villager (Male) |
| 32:10 | Crear | Villager (Male) |
Build order — umgulseren
Primeras 150 de 215 acciones detectadas
| 0:21 | Investigar | Loom |
| 0:21 | Investigar | Loom |
| 0:24 | Crear | Villager (Male) |
| 0:25 | Crear | Villager (Male) |
| 0:25 | Crear | Villager (Male) |
| 0:33 | Construir | House |
| 0:36 | Construir | House |
| 1:15 | Crear | Villager (Male) |
| 1:15 | Crear | Villager (Male) |
| 1:49 | Construir | House |
| 2:26 | Crear | Villager (Male) |
| 3:03 | Crear | Villager (Male) |
| 3:03 | Crear | Villager (Male) |
| 3:12 | Crear | Villager (Male) |
| 3:12 | Crear | Villager (Male) |
| 4:32 | Crear | Villager (Male) |
| 4:32 | Crear | Villager (Male) |
| 4:32 | Crear | Villager (Male) |
| 5:17 | Crear | Villager (Male) |
| 5:18 | Crear | Villager (Male) |
| 5:18 | Crear | Villager (Male) |
| 5:46 | Crear | Villager (Male) |
| 5:46 | Crear | Villager (Male) |
| 5:56 | Construir | Mill |
| 6:44 | Construir | Lumber Camp |
| 7:30 | Crear | Villager (Male) |
| 7:31 | Crear | Villager (Male) |
| 7:31 | Crear | Villager (Male) |
| 9:18 | Construir | House |
| 9:20 | Construir | House |
| 9:21 | Construir | House |
| 9:57 | Crear | Villager (Male) |
| 9:57 | Crear | Villager (Male) |
| 9:58 | Crear | Villager (Male) |
| 10:40 | Construir | Mining Camp |
| 11:17 | Crear | Villager (Male) |
| 11:17 | Crear | Villager (Male) |
| 11:55 | Construir | House |
| 11:57 | Construir | House |
| 12:06 | Crear | Villager (Male) |
| 12:06 | Crear | Villager (Male) |
| 12:21 | Construir | Mining Camp |
| 13:15 | Investigar | Feudal Age |
| 15:25 | Edad | Edad Feudal |
| 15:45 | Investigar | Double-Bit Axe |
| 15:50 | Investigar | Horse Collar |
| 16:01 | Crear | Villager (Male) |
| 16:01 | Crear | Villager (Male) |
| 16:01 | Crear | Villager (Male) |
| 16:06 | Crear | Villager (Male) |
| 17:42 | Construir | Donjon |
| 18:07 | Construir | Farm |
| 18:08 | Construir | Farm |
| 18:28 | Investigar | Gold Mining |
| 19:23 | Construir | Donjon |
| 19:52 | Investigar | Wheelbarrow |
| 20:08 | Construir | Market |
| 20:16 | Construir | Blacksmith |
| 20:54 | Crear | Villager (Male) |
| 20:55 | Crear | Villager (Male) |
| 20:55 | Crear | Villager (Male) |
| 21:07 | Construir | Farm |
| 21:19 | Construir | Farm |
| 21:25 | Construir | Farm |
| 21:30 | Construir | Farm |
| 21:33 | Construir | Farm |
| 21:36 | Construir | Farm |
| 21:39 | Construir | Farm |
| 21:41 | Construir | Farm |
| 21:48 | Construir | Farm |
| 21:51 | Construir | Farm |
| 22:05 | Construir | Donjon |
| 22:47 | Construir | House |
| 22:50 | Construir | House |
| 23:08 | Investigar | Stone Mining |
| 23:43 | Construir | Donjon |
| 24:39 | Investigar | Castle Age |
| 24:56 | Crear | Trade Cart |
| 24:56 | Crear | Trade Cart |
| 24:56 | Crear | Trade Cart |
| 25:17 | Construir | Donjon |
| 26:32 | Investigar | Forging |
| 26:57 | Construir | Donjon |
| 27:19 | Edad | Edad de los Castillos |
| 27:20 | Construir | House |
| 27:22 | Construir | House |
| 27:23 | Construir | House |
| 27:26 | Construir | House |
| 27:30 | Investigar | Hand Cart |
| 27:53 | Construir | Town Center |
| 28:05 | Investigar | Pikeman (upgrade) |
| 28:13 | Investigar | Heavy Plow |
| 28:57 | Crear | Villager (Male) |
| 28:58 | Crear | Villager (Male) |
| 28:58 | Crear | Villager (Male) |
| 28:58 | Crear | Villager (Male) |
| 29:30 | Construir | Town Center |
| 29:48 | Construir | Mining Camp |
| 29:53 | Crear | Villager (Male) |
| 29:54 | Crear | Villager (Male) |
| 29:54 | Crear | Villager (Male) |
| 31:26 | Crear | Villager (Male) |
| 31:26 | Crear | Villager (Male) |
| 31:27 | Crear | Villager (Male) |
| 31:27 | Crear | Villager (Male) |
| 31:42 | Construir | Barracks |
| 31:48 | Construir | Archery Range |
| 31:53 | Investigar | Fletching |
| 32:07 | Investigar | Stone Shaft Mining |
| 32:19 | Construir | House |
| 32:20 | Construir | House |
| 32:21 | Construir | House |
| 32:21 | Construir | House |
| 32:21 | Construir | House |
| 32:22 | Construir | House |
| 32:31 | Investigar | Caravan |
| 32:37 | Investigar | Iron Casting |
| 32:51 | Crear | Villager (Male) |
| 32:51 | Crear | Villager (Male) |
| 32:52 | Crear | Villager (Male) |
| 32:52 | Crear | Villager (Male) |
| 32:55 | Crear | Villager (Male) |
| 32:56 | Crear | Villager (Male) |
| 33:11 | Investigar | Crossbowman (upgrade) |
| 33:33 | Investigar | Bodkin Arrow |
| 33:43 | Investigar | Squires |
| 33:57 | Construir | Archery Range |
| 34:10 | Construir | Farm |
| 34:14 | Construir | Farm |
| 34:17 | Construir | Farm |
| 34:42 | Construir | Farm |
| 34:44 | Construir | Farm |
| 34:47 | Construir | Farm |
| 34:48 | Construir | Farm |
| 35:02 | Construir | Lumber Camp |
| 35:35 | Crear | Archer ×5 |
| 35:35 | Crear | Archer ×5 |
| 35:57 | Construir | Farm |
| 36:02 | Construir | Farm |
| 36:15 | Construir | House |
| 36:15 | Construir | House |
| 36:16 | Construir | House |
| 36:16 | Construir | House |
| 36:17 | Construir | House |
| 36:17 | Construir | House |
| 36:17 | Construir | House |
| 36:20 | Construir | House |
| 36:20 | Construir | House |
| 36:20 | Construir | House |
| 36:21 | Construir | House |
Build order — Sambubu
Primeras 150 de 218 acciones detectadas
| 0:04 | Crear | Villager (Male) |
| 0:04 | Crear | Villager (Male) |
| 0:05 | Crear | Villager (Male) |
| 0:05 | Crear | Villager (Male) |
| 0:05 | Crear | Villager (Male) |
| 0:11 | Construir | House |
| 0:48 | Construir | House |
| 1:44 | Crear | Villager (Male) |
| 2:47 | Crear | Villager (Male) |
| 2:47 | Crear | Villager (Male) |
| 2:47 | Crear | Villager (Male) |
| 3:17 | Crear | Villager (Male) |
| 3:17 | Crear | Villager (Male) |
| 3:51 | Construir | Lumber Camp |
| 4:16 | Crear | Villager (Male) |
| 4:16 | Crear | Villager (Male) |
| 4:16 | Crear | Villager (Male) |
| 4:41 | Construir | House |
| 4:44 | Construir | House |
| 4:54 | Crear | Villager (Male) |
| 5:40 | Crear | Villager (Male) |
| 5:40 | Crear | Villager (Male) |
| 6:50 | Crear | Villager (Male) |
| 6:50 | Crear | Villager (Male) |
| 6:51 | Crear | Villager (Male) |
| 7:35 | Construir | Mill |
| 7:54 | Crear | Villager (Male) |
| 8:56 | Crear | Villager (Male) |
| 9:08 | Crear | Villager (Male) |
| 10:08 | Crear | Villager (Male) |
| 11:33 | Construir | Barracks |
| 11:52 | Construir | Palisade Wall |
| 12:20 | Crear | Villager (Male) |
| 12:30 | Construir | House |
| 12:31 | Construir | House |
| 12:54 | Construir | Outpost |
| 13:10 | Investigar | Feudal Age |
| 13:47 | Construir | House |
| 13:48 | Construir | House |
| 13:49 | Construir | House |
| 13:51 | Construir | House |
| 14:16 | Construir | Barracks |
| 15:11 | Construir | Palisade Wall |
| 15:35 | Edad | Edad Feudal |
| 15:40 | Crear | Villager (Male) |
| 15:40 | Crear | Villager (Male) |
| 15:41 | Crear | Villager (Male) |
| 15:41 | Crear | Villager (Male) |
| 15:41 | Crear | Villager (Male) |
| 16:08 | Construir | Watch Tower |
| 16:36 | Construir | Mining Camp |
| 16:50 | Construir | Farm |
| 16:50 | Construir | Farm |
| 16:51 | Construir | Farm |
| 16:51 | Construir | Farm |
| 16:52 | Construir | Farm |
| 16:53 | Construir | Farm |
| 16:53 | Construir | Farm |
| 16:54 | Construir | Farm |
| 17:45 | Construir | Palisade Gate |
| 18:02 | Construir | Archery Range |
| 18:03 | Construir | Archery Range |
| 18:10 | Crear | Villager (Male) |
| 18:10 | Crear | Villager (Male) |
| 18:39 | Construir | Mining Camp |
| 19:21 | Construir | Palisade Wall |
| 19:38 | Construir | Market |
| 20:21 | Construir | Watch Tower |
| 20:38 | Crear | Villager (Male) |
| 20:38 | Crear | Villager (Male) |
| 20:38 | Crear | Villager (Male) |
| 20:39 | Crear | Villager (Male) |
| 20:40 | Crear | Villager (Male) |
| 20:40 | Crear | Villager (Male) |
| 21:09 | Construir | Palisade Wall |
| 21:42 | Crear | Archer |
| 21:43 | Crear | Archer |
| 21:43 | Crear | Archer |
| 21:43 | Crear | Archer |
| 22:05 | Construir | Mining Camp |
| 22:21 | Crear | Trade Cart |
| 22:37 | Crear | Villager (Male) |
| 22:37 | Crear | Villager (Male) |
| 23:22 | Investigar | Castle Age |
| 24:18 | Construir | Palisade Wall |
| 24:29 | Construir | Farm |
| 24:30 | Construir | Farm |
| 24:30 | Construir | Farm |
| 24:31 | Construir | Farm |
| 24:32 | Construir | Farm |
| 24:32 | Construir | Farm |
| 24:33 | Construir | Farm |
| 24:33 | Construir | Farm |
| 24:36 | Construir | Farm |
| 24:45 | Crear | Villager (Male) |
| 24:46 | Crear | Villager (Male) |
| 24:46 | Crear | Villager (Male) |
| 24:48 | Crear | Villager (Male) |
| 25:05 | Crear | Trade Cart |
| 25:07 | Crear | Trade Cart |
| 25:12 | Crear | Archer |
| 25:12 | Crear | Archer |
| 25:12 | Crear | Archer |
| 25:12 | Crear | Archer |
| 25:34 | Construir | Archery Range |
| 25:44 | Investigar | Horse Collar |
| 25:49 | Investigar | Double-Bit Axe |
| 25:58 | Construir | Blacksmith |
| 26:38 | Edad | Edad de los Castillos |
| 26:41 | Construir | Palisade Gate |
| 27:00 | Construir | Castle |
| 27:15 | Investigar | Fletching |
| 27:15 | Investigar | Padded Archer Armor |
| 27:16 | Investigar | Forging |
| 27:16 | Investigar | Scale Mail Armor |
| 27:23 | Crear | Villager (Male) |
| 27:23 | Crear | Villager (Male) |
| 27:35 | Construir | Farm |
| 28:05 | Construir | House |
| 28:07 | Construir | House |
| 28:08 | Construir | House |
| 28:10 | Construir | House |
| 29:04 | Construir | Town Center |
| 29:33 | Crear | Villager (Male) |
| 29:34 | Crear | Villager (Male) |
| 29:38 | Investigar | Bow Saw |
| 29:40 | Investigar | Heavy Plow |
| 29:47 | Investigar | Gold Mining |
| 30:01 | Construir | Farm |
| 30:10 | Construir | Farm |
| 30:43 | Construir | Barracks |
| 31:01 | Crear | Genoese Crossbowman |
| 31:01 | Crear | Genoese Crossbowman |
| 31:02 | Crear | Genoese Crossbowman |
| 31:02 | Crear | Genoese Crossbowman |
| 31:35 | Investigar | Bodkin Arrow |
| 31:36 | Investigar | Leather Archer Armor |
| 32:07 | Investigar | Thumb Ring |
| 32:22 | Construir | Watch Tower |
| 32:41 | Crear | Villager (Male) |
| 32:41 | Crear | Villager (Male) |
| 32:42 | Crear | Villager (Male) |
| 32:42 | Crear | Villager (Male) |
| 33:06 | Investigar | Silk Road |
| 33:47 | Construir | Farm |
| 33:47 | Construir | Farm |
| 33:48 | Construir | Farm |
| 33:48 | Construir | Farm |
| 33:49 | Construir | Farm |
| 33:50 | Construir | Farm |
Build order —
75 acciones detectadas en el replay
| 0:10 | Construir | House |
| 1:12 | Construir | Lumber Camp |
| 2:02 | Construir | Mill |
| 3:07 | Construir | House |
| 5:04 | Construir | House |
| 5:44 | Construir | Lumber Camp |
| 7:00 | Construir | Farm |
| 7:29 | Construir | House |
| 8:28 | Construir | Farm |
| 9:31 | Construir | Mining Camp |
| 10:12 | Investigar | Tech None |
| 10:12 | Construir | House |
| 10:48 | Construir | Barracks |
| 12:14 | Construir | Farm |
| 12:22 | Construir | Farm |
| 12:30 | Construir | Farm |
| 12:41 | Investigar | Tech None |
| 12:41 | Investigar | Tech None |
| 12:41 | Construir | Farm |
| 12:41 | Construir | Farm |
| 12:42 | Investigar | Tech None |
| 13:04 | Construir | Archery Range |
| 13:24 | Construir | Farm |
| 14:02 | Construir | Archery Range |
| 14:13 | Construir | House |
| 14:18 | Construir | House |
| 14:27 | Construir | House |
| 14:40 | Construir | Farm |
| 15:08 | Construir | House |
| 15:36 | Construir | Farm |
| 15:49 | Construir | Farm |
| 16:00 | Construir | Farm |
| 16:13 | Investigar | Tech None |
| 16:26 | Construir | Farm |
| 16:54 | Construir | Farm |
| 17:07 | Construir | Farm |
| 17:25 | Construir | Farm |
| 17:54 | Construir | Farm |
| 18:17 | Construir | Lumber Camp |
| 19:15 | Construir | Blacksmith |
| 19:38 | Investigar | Tech None |
| 20:08 | Investigar | Tech None |
| 20:08 | Investigar | Tech None |
| 20:38 | Construir | Dock |
| 21:40 | Construir | Dock |
| 22:41 | Construir | Dock |
| 23:12 | Investigar | Tech None |
| 23:12 | Investigar | Tech None |
| 23:12 | Investigar | Tech None |
| 23:27 | Construir | House |
| 23:50 | Investigar | Tech None |
| 24:01 | Construir | House |
| 24:50 | Construir | Monastery |
| 25:47 | Construir | Siege Workshop |
| 26:09 | Construir | Farm |
| 26:39 | Construir | Market |
| 27:00 | Construir | Farm |
| 27:13 | Construir | Farm |
| 27:28 | Construir | Farm |
| 28:08 | Construir | Archery Range |
| 29:25 | Construir | Farm |
| 29:37 | Construir | Archery Range |
| 30:03 | Investigar | Tech None |
| 30:50 | Investigar | Tech None |
| 31:11 | Construir | Farm |
| 31:42 | Investigar | Tech None |
| 31:42 | Construir | House |
| 31:43 | Construir | House |
| 31:43 | Construir | House |
| 33:20 | Investigar | Tech None |
| 33:20 | Construir | Lumber Camp |
| 35:01 | Construir | Dock |
| 35:58 | Investigar | Tech None |
| 36:24 | Investigar | Tech None |
| 37:43 | Construir | Lumber Camp |
Build order —
89 acciones detectadas en el replay
| 0:10 | Construir | House |
| 0:41 | Construir | Lumber Camp |
| 2:04 | Construir | House |
| 3:42 | Construir | Mill |
| 4:31 | Construir | House |
| 5:51 | Construir | Lumber Camp |
| 6:56 | Construir | Farm |
| 6:57 | Construir | House |
| 7:26 | Construir | Farm |
| 8:07 | Construir | Farm |
| 8:50 | Construir | Farm |
| 9:38 | Construir | Farm |
| 10:02 | Construir | House |
| 10:31 | Investigar | Tech None |
| 11:01 | Construir | Mining Camp |
| 11:50 | Construir | Mining Camp |
| 13:06 | Construir | Market |
| 13:50 | Investigar | Tech None |
| 13:50 | Construir | House |
| 14:03 | Construir | Blacksmith |
| 14:48 | Construir | Farm |
| 14:49 | Construir | Farm |
| 14:49 | Construir | Farm |
| 14:50 | Construir | Farm |
| 15:13 | Construir | Farm |
| 15:30 | Construir | Farm |
| 15:48 | Construir | Farm |
| 16:18 | Construir | Farm |
| 16:20 | Investigar | Tech None |
| 16:47 | Construir | Farm |
| 16:59 | Investigar | Tech None |
| 17:29 | Investigar | Tech None |
| 17:51 | Construir | Farm |
| 18:13 | Construir | Farm |
| 19:03 | Construir | Barracks |
| 19:24 | Investigar | Tech None |
| 19:24 | Construir | House |
| 19:48 | Investigar | Tech None |
| 20:04 | Construir | House |
| 20:09 | Construir | House |
| 20:26 | Construir | Farm |
| 21:11 | Investigar | Tech None |
| 21:21 | Investigar | Tech None |
| 22:02 | Construir | Monastery |
| 23:12 | Construir | Siege Workshop |
| 23:51 | Construir | Stable |
| 25:41 | Investigar | Tech None |
| 25:59 | Investigar | Tech None |
| 26:30 | Construir | Stable |
| 26:49 | Investigar | Tech None |
| 27:27 | Construir | Archery Range |
| 28:31 | Investigar | Tech None |
| 28:34 | Investigar | Tech None |
| 28:44 | Construir | Lumber Camp |
| 29:19 | Investigar | Tech None |
| 29:19 | Construir | House |
| 29:19 | Construir | House |
| 29:20 | Construir | House |
| 29:45 | Construir | Farm |
| 29:56 | Construir | House |
| 30:04 | Construir | House |
| 30:20 | Construir | Castle |
| 31:04 | Construir | Market |
| 31:18 | Construir | Farm |
| 31:40 | Investigar | Tech None |
| 32:01 | Construir | Archery Range |
| 32:27 | Investigar | Tech None |
| 32:58 | Construir | Farm |
| 32:58 | Construir | Farm |
| 33:28 | Construir | Archery Range |
| 33:42 | Construir | Farm |
| 34:08 | Investigar | Tech None |
| 34:18 | Construir | Farm |
| 34:25 | Construir | Farm |
| 38:52 | Investigar | Tech None |
| 38:53 | Construir | Farm |
| 40:46 | Construir | Farm |
| 40:47 | Construir | Castle |
| 40:51 | Construir | Farm |
| 40:54 | Investigar | Tech None |
| 41:10 | Construir | Farm |
| 41:26 | Construir | Farm |
| 41:39 | Construir | Farm |
| 42:01 | Construir | Farm |
| 42:11 | Investigar | Tech None |
| 42:13 | Construir | Farm |
| 42:41 | Construir | Lumber Camp |
| 43:04 | Construir | Lumber Camp |
| 44:56 | Construir | Castle |
Build order —
97 acciones detectadas en el replay
| 0:10 | Construir | House |
| 0:41 | Construir | Lumber Camp |
| 2:01 | Construir | Mill |
| 2:01 | Construir | Lumber Camp |
| 2:02 | Construir | House |
| 4:32 | Construir | House |
| 6:23 | Construir | Farm |
| 6:24 | Construir | Farm |
| 6:24 | Construir | Farm |
| 6:41 | Construir | Farm |
| 6:57 | Construir | House |
| 7:52 | Construir | Farm |
| 8:24 | Construir | Farm |
| 9:15 | Construir | Mining Camp |
| 9:45 | Construir | Farm |
| 10:12 | Construir | House |
| 10:32 | Investigar | Tech None |
| 11:27 | Construir | Dock |
| 12:41 | Construir | Barracks |
| 13:02 | Investigar | Tech None |
| 13:47 | Construir | Stable |
| 14:52 | Construir | Blacksmith |
| 15:01 | Construir | House |
| 15:35 | Investigar | Tech None |
| 15:42 | Investigar | Tech None |
| 16:06 | Investigar | Tech None |
| 16:18 | Construir | Farm |
| 16:34 | Construir | Farm |
| 16:53 | Construir | Farm |
| 17:14 | Construir | Farm |
| 17:27 | Construir | Farm |
| 17:41 | Construir | Farm |
| 18:04 | Construir | Farm |
| 18:14 | Construir | Farm |
| 18:38 | Construir | Farm |
| 19:00 | Construir | Farm |
| 19:04 | Construir | House |
| 19:15 | Construir | House |
| 19:26 | Investigar | Tech None |
| 19:53 | Investigar | Tech None |
| 20:36 | Investigar | Tech None |
| 21:00 | Investigar | Tech None |
| 21:23 | Construir | Farm |
| 21:39 | Construir | Farm |
| 21:46 | Construir | Lumber Camp |
| 22:29 | Construir | Monastery |
| 23:25 | Construir | Siege Workshop |
| 24:24 | Construir | Market |
| 25:19 | Construir | Stable |
| 26:27 | Construir | House |
| 26:27 | Construir | House |
| 26:39 | Investigar | Tech None |
| 27:33 | Investigar | Tech None |
| 27:37 | Construir | House |
| 27:41 | Construir | House |
| 27:53 | Investigar | Tech None |
| 28:05 | Construir | House |
| 28:17 | Construir | House |
| 28:45 | Investigar | Tech None |
| 29:13 | Construir | Archery Range |
| 29:57 | Investigar | Tech None |
| 30:56 | Construir | Archery Range |
| 31:10 | Investigar | Tech None |
| 31:11 | Investigar | Tech None |
| 31:30 | Investigar | Tech None |
| 31:40 | Construir | Archery Range |
| 32:43 | Construir | Archery Range |
| 33:27 | Construir | Barracks |
| 34:09 | Construir | Barracks |
| 35:29 | Construir | University |
| 35:37 | Investigar | Tech None |
| 37:01 | Construir | Siege Workshop |
| 37:36 | Construir | Farm |
| 38:39 | Construir | Siege Workshop |
| 39:34 | Construir | Dock |
| 39:46 | Construir | Lumber Camp |
| 39:50 | Construir | Lumber Camp |
| 40:03 | Investigar | Tech None |
| 40:21 | Construir | Lumber Camp |
| 40:42 | Construir | Lumber Camp |
| 41:00 | Investigar | Tech None |
| 41:32 | Construir | Dock |
| 42:08 | Construir | Dock |
| 42:32 | Construir | Farm |
| 42:50 | Construir | Farm |
| 44:11 | Construir | Mining Camp |
| 45:35 | Construir | House |
| 45:36 | Construir | House |
| 45:36 | Construir | House |
| 45:43 | Construir | Farm |
| 46:02 | Construir | Farm |
| 46:47 | Investigar | Tech None |
| 47:24 | Investigar | Tech None |
| 47:37 | Construir | Mining Camp |
| 47:56 | Construir | Farm |
| 48:21 | Investigar | Tech None |
| 48:56 | Construir | Castle |
Build order —
82 acciones detectadas en el replay
| 0:10 | Construir | House |
| 2:06 | Construir | House |
| 3:23 | Construir | Lumber Camp |
| 3:23 | Construir | Mill |
| 4:37 | Construir | House |
| 5:18 | Construir | Lumber Camp |
| 7:02 | Construir | Farm |
| 7:03 | Construir | House |
| 7:31 | Construir | Farm |
| 8:30 | Investigar | Tech None |
| 8:30 | Construir | Farm |
| 8:56 | Construir | Farm |
| 10:01 | Construir | Mining Camp |
| 10:03 | Investigar | Tech None |
| 10:17 | Construir | House |
| 11:03 | Construir | Barracks |
| 12:32 | Investigar | Tech None |
| 12:32 | Construir | Archery Range |
| 12:32 | Investigar | Tech None |
| 12:39 | Construir | Farm |
| 12:43 | Construir | House |
| 13:12 | Construir | Farm |
| 13:25 | Construir | Farm |
| 14:10 | Construir | Farm |
| 14:41 | Construir | Farm |
| 14:56 | Investigar | Tech None |
| 14:57 | Construir | House |
| 15:43 | Construir | Lumber Camp |
| 16:35 | Construir | Farm |
| 16:36 | Construir | Farm |
| 16:49 | Construir | Farm |
| 17:06 | Investigar | Tech None |
| 17:23 | Construir | Farm |
| 17:56 | Construir | Farm |
| 18:14 | Construir | Farm |
| 19:19 | Construir | Farm |
| 19:36 | Construir | Farm |
| 20:21 | Construir | Blacksmith |
| 20:26 | Construir | House |
| 21:14 | Construir | Lumber Camp |
| 21:18 | Investigar | Tech None |
| 21:19 | Investigar | Tech None |
| 22:38 | Construir | Market |
| 23:38 | Construir | Archery Range |
| 24:22 | Investigar | Tech None |
| 24:23 | Investigar | Tech None |
| 25:05 | Investigar | Tech None |
| 25:24 | Construir | House |
| 25:28 | Construir | House |
| 25:53 | Investigar | Tech None |
| 26:06 | Construir | House |
| 26:57 | Construir | Monastery |
| 27:55 | Construir | Siege Workshop |
| 28:09 | Construir | Farm |
| 28:47 | Construir | Stable |
| 30:01 | Construir | Farm |
| 30:26 | Construir | Farm |
| 30:39 | Construir | Farm |
| 31:08 | Investigar | Tech None |
| 31:08 | Construir | House |
| 31:09 | Construir | House |
| 31:09 | Construir | House |
| 32:07 | Investigar | Tech None |
| 32:07 | Construir | University |
| 33:10 | Construir | Stable |
| 34:06 | Construir | Archery Range |
| 34:32 | Investigar | Tech None |
| 34:46 | Investigar | Tech None |
| 34:47 | Investigar | Tech None |
| 35:19 | Investigar | Tech None |
| 35:37 | Investigar | Tech None |
| 36:30 | Construir | Archery Range |
| 37:21 | Construir | Barracks |
| 38:27 | Investigar | Tech None |
| 39:21 | Construir | Barracks |
| 39:51 | Construir | Town Center |
| 42:20 | Construir | Farm |
| 44:04 | Construir | Barracks |
| 44:42 | Construir | Mining Camp |
| 45:24 | Construir | Barracks |
| 47:14 | Construir | Farm |
| 47:57 | Construir | Farm |
Cronología de la partida
| 9:57 | SOW44 · first_building Dock |
| 10:48 | · first_building Barracks |
| 11:03 | · first_building Barracks |
| 11:27 | · first_building Dock |
| 11:32 | Kuruntu · first_building Barracks |
| 11:33 | Sambubu · first_building Barracks |
| 11:52 | Sambubu · wall_segment Palisade Wall x14 |
| 12:27 | Kuruntu · age_up feudal |
| 12:32 | · first_building Archery Range |
| 12:41 | · first_building Barracks |
| 13:04 | · first_building Archery Range |
| 13:28 | SOW44 · age_up feudal |
| 13:47 | · first_building Stable |
| 15:11 | Sambubu · wall_segment Palisade Wall x12 |
| 15:25 | umgulseren · age_up feudal |
| 15:35 | Sambubu · age_up feudal |
| 17:42 | umgulseren · first_building Donjon |
| 17:55 | Kuruntu · first_building Archery Range |
| 18:02 | Sambubu · first_building Archery Range |
| 19:03 | · first_building Barracks |
| 19:21 | Sambubu · wall_segment Palisade Wall x7 |
| 19:46 | Kuruntu · first_building Dock |
| 20:38 | · first_building Dock |
| 20:55 | Kuruntu · age_up castle |
| 21:09 | Sambubu · wall_segment Palisade Wall x13 |
| 22:02 | · first_building Monastery |
| 22:29 | · first_building Monastery |
| 23:12 | · first_building Siege Workshop |
| 23:25 | · first_building Siege Workshop |
| 23:46 | SOW44 · first_building Barracks |
| 23:51 | · first_building Stable |
| 24:16 | · first_market_sell 100 wood |
| 24:18 | Sambubu · wall_segment Palisade Wall x12 |
| 24:50 | · first_building Monastery |
| 25:47 | · first_building Siege Workshop |
| 25:48 | SOW44 · age_up castle |
| 26:06 | · first_market_sell 100 wood |
| 26:38 | Sambubu · age_up castle |
| 26:57 | · first_building Monastery |
| 27:00 | Sambubu · first_building Castle |
| 27:19 | umgulseren · age_up castle |
| 27:27 | · first_building Archery Range |
| 27:55 | · first_building Siege Workshop |
| 28:07 | · first_market_sell 100 food |
| 28:07 | · first_market_buy 100 food |
| 28:47 | · first_building Stable |
| 29:13 | · first_building Archery Range |
| 29:16 | · first_market_sell 100 food |
| 29:24 | Kuruntu · first_building Monastery |
| 30:20 | · first_building Castle |
| 31:26 | SOW44 · first_building Castle |
| 31:42 | umgulseren · first_building Barracks |
| 31:48 | umgulseren · first_building Archery Range |
| 32:06 | SOW44 · first_building Siege Workshop |
| 32:35 | SOW44 · first_building Monastery |
| 36:34 | umgulseren · first_building Siege Workshop |
| 37:17 | Kuruntu · first_building Castle |
| 37:53 | Sambubu · wall_segment Palisade Wall x7 |
| 37:59 | SOW44 · age_up imperial |
| 38:07 | Kuruntu · age_up imperial |
| 39:48 | Sambubu · age_up imperial |
| 40:16 | SOW44 · first_market_buy 100 food |
| 40:47 | · resign |
| 43:26 | umgulseren · age_up imperial |
| 48:16 | · first_market_buy 100 stone |
| 48:56 | · first_market_buy 100 stone |
| 48:56 | · first_building Castle |
[ ANÁLISIS IA · 1 CRÉDITO ]
¿Qué pasó realmente en esta partida?
Wolo.gg analiza cada decisión: build order, eco, micro, errores típicos por bracket. Análisis personalizado por WhatsApp o Discord en 30 segundos.
Guía civ
Portugueses
Perfil
SOW44